 Dungeon Crawl Stone Soup version 0.29-a0-490-g77b3608bb8 (webtiles) character file.

Game seed: 6694780261340952490

31245 zeratav the Brawler (level 13, 0/127 HPs)
             Began as a Troll Fighter on May 26, 2022.
             Was a High Priest of Okawaru.
             Slain by a six-headed hydra (2 damage)
             ... on level 4 of the Lair of Beasts.
             The game lasted 00:28:27 (15369 turns).

zeratav the Brawler (Troll Fighter)                Turns: 15369, Time: 00:28:27

Health: 0/127      AC: 11    Str: 33    XL:     13   Next: 24%
Magic:  16/19      EV: 10    Int:  9    God:    Okawaru [*****.]
Gold:   627        SH:  0    Dex:  9    Spells: 12/12 levels left

rFire   . . .      SeeInvis .   H - +0 giant club {mace}
rCold   . . .      Faith    .   (shield currently unavailable)
rNeg    . . .      Spirit   .   m - +2 robe of Instinct {Will+ Str+2 Int+5}
rPois   +          Reflect  .   (helmet restricted)
rElec   .          Harm     .   V - +0 cloak
rCorr   .          Rampage  .   (gloves unavailable)
Will    +....                   (boots unavailable)
Stlth   +.........              (no amulet)
HPRegen 1.11/turn               T - +4 ring of protection
MPRegen 0.16/turn               t - ring of poison resistance

@: hasted, slow
A: large, unfitting armour, claws 3, regeneration 1, shaggy fur 1, tough skin 1
a: Renounce Religion, Heroism, Finesse, Duel


You were on level 4 of the Lair of Beasts.
You worshipped Okawaru.
Okawaru was extremely pleased with you.
You visited 3 branches of the dungeon, and saw 16 of its levels.
You also visited: Bailey.

You collected 1244 gold pieces.
You spent 617 gold pieces at shops.


Innate Abilities, Weirdness & Mutations

You are too large for most types of armour.
You have claws for hands.
Your natural rate of healing is unusually fast.
You are covered in fur. (AC +1)
You have tough skin. (AC +1)


   Skills:
 - Level 8.0 Fighting
 - Level 2.4 Dodging
 - Level 10.0 Shields
 + Level 15.0 Unarmed Combat
 - Level 10.0 Invocations


You had 12 spell levels left.
You didn't know any spells.
Your spell library contained the following spells:

 Spells                   Type           Power      Damage    Failure   Level
 Apportation              Tloc           0%         N/A       38%         1
 Beastly Appendage        Tmut           0%         N/A       38%         1
 Magic Dart               Conj           0%         1d3       38%         1
 Necrotize                Necr           0%         1d4       38%         1
 Sandblast                Erth           0%         2d4       38%         1
 Shock                    Conj/Air       0%         1d3       38%         1
 Blink                    Tloc           0%         N/A       52%         2
 Ensorcelled Hibernation  Hex/Ice        0%         N/A       52%         2
 Passwall                 Tmut/Erth      0%         N/A       52%         2
 Wereblood                Tmut           0%         N/A       52%         2
 Ignite Poison            Fire/Tmut/Pois 0%         N/A       77%         3
 Mephitic Cloud           Conj/Pois/Air  0%         N/A       77%         3
 Ozocubu's Armour         Ice            0%         N/A       77%         3
 Portal Projectile        Hex/Tloc       0%         N/A       77%         3
 Spider Form              Tmut/Pois      0%         N/A       77%         3
 Stone Arrow              Conj/Erth      0%         3d7       77%         3
 Swiftness                Air            0%         N/A       77%         3
 Airstrike                Air            0%         N/A       99%         4
 Anguish                  Hex/Necr       0%         N/A       99%         4
 Hailstorm                Conj/Ice       0%         3d3       99%         4
 Ice Form                 Ice/Tmut       0%         N/A       99%         4
 Leda's Liquefaction      Hex/Erth       0%         N/A       99%         4
 Blade Hands              Tmut           0%         N/A       100%        5
 Fireball                 Conj/Fire      0%         3d3       100%        5
 Freezing Cloud           Conj/Ice/Air   0%         6-21      100%        5
 Manifold Assault         Tloc           0%         N/A       100%        5
 Iron Shot                Conj/Erth      0%         9d1       100%        6
 Starburst                Conj/Fire      0%         6d3       100%        6
 Enfeeble                 Hex            0%         N/A       100%        7
 Ozocubu's Refrigeration  Ice            0%         4d5       100%        7
 Storm Form               Tmut/Air       0%         N/A       100%        7
 Ignition                 Fire           0%         3d3       100%        8
 Summon Small Mammal      Summ           Unusable   N/A       N/A         1
 Call Imp                 Summ           Unusable   N/A       N/A         2
 Call Canine Familiar     Summ           Unusable   N/A       N/A         3
 Animate Armour           Summ/Erth      Unusable   N/A       N/A         4
 Simulacrum               Ice/Necr       Unusable   N/A       N/A         6

Inventory:

Hand Weapons
 H - a +0 giant club (weapon) {mace}
   (You took it off an ogre on level 5 of the Dungeon)
 Y - a +0 giant spiked club {mace}
   (You took it off a two-headed ogre on level 9 of the Dungeon)
 Z - a +4 double sword {longrare=g}
   (You took it off Urug on level 10 of the Dungeon)
Missiles
 l - 18 javelins (quivered) {throwing}
 R - 10 large rocks {=fthrowing}
 X - 5 curare-tipped darts {=fthrowing}
Armour
 m - the +2 robe of Instinct (worn) {Will+ Str+2 Int+5}
   (You bought it in a shop on level 4 of the Dungeon)

   Str:       It affects your strength (+2).
   Int:       It affects your intelligence (+5).
   Will:      It increases your willpower.
 n - a +2 kite shield
   (You found it on level 2 of the Dungeon)
 N - the +0 kite shield of the Lonely Friars {Str+4 Dex+6 SInv}
   (Okawaru gifted it to you on level 3 of the Lair of Beasts)

   Str:       It affects your strength (+4).
   Dex:       It affects your dexterity (+6).
   SInv:      It lets you see invisible.
 S - a +1 robe of positive energy
   (You found it on level 8 of the Dungeon)
 U - a scarf of invisibility
   (You found it on level 8 of the Dungeon)
 V - a +0 cloak (worn)
   (You found it on level 8 of the Dungeon)
Jewellery
 d - an amulet of magic regeneration {@e2}
   (You found it on level 1 of the Lair of Beasts)
 f - a ring of ice
   (You found it on level 5 of the Dungeon)
 t - a ring of poison resistance (right claw)
   (You took it off a goblin on level 2 of the Dungeon)
 B - a ring of resist corrosion
   (You found it on level 3 of the Dungeon)
 D - a ring of see invisible
   (You found it on level 3 of the Dungeon)
 E - a ring of flight
   (You found it on level 4 of the Dungeon)
 T - a +4 ring of protection (left claw)
   (You bought it in a shop on level 4 of the Dungeon)
Wands
 z - a wand of mindburst (10)
   (You found it on level 2 of the Lair of Beasts)
 J - a wand of acid (13)
   (You found it on level 5 of the Dungeon)
 L - a wand of digging (8)
   (You found it on level 9 of the Dungeon)
 P - a wand of iceblast (15)
   (You found it on level 7 of the Dungeon)
Scrolls
 b - 2 scrolls of brand weapon
 e - 7 scrolls of identify {@r1}
 g - 7 scrolls of vulnerability {!r!r}
 j - 5 scrolls of blinking {unknown}
 o - 2 scrolls of immolation {!r!r}
 q - 2 scrolls of torment {unknown}
 r - 3 scrolls of magic mapping {!r}
 v - 7 scrolls of teleportation {@r4}
 y - 4 scrolls of enchant armour {unknown}
 C - 3 scrolls of poison {!r}
 F - 4 scrolls of enchant weapon {unknown}
 K - 4 scrolls of fog {unknown}
Potions
 a - 6 potions of lignification {!q}
 c - 3 potions of might
 h - 3 potions of brilliance {unknown}
 i - a potion of haste {@q3}
 k - a potion of cancellation {unknown}
 s - 2 potions of heal wounds {@q2}
 u - 3 potions of attraction {unknown}
 w - 2 potions of berserk rage {unknown}
 x - 5 potions of resistance
 A - 6 potions of curing {@q1}
 G - 3 potions of magic {unknown}
 I - 3 potions of flight {unknown}
Miscellaneous
 M - a box of beasts
   (You found it on level 3 of the Lair of Beasts)

Dungeon Overview and Level Annotations

Branches:
Dungeon (11/15)            Temple (1/1) D:7            Lair (4/6) D:8
  Snake (0/4) Lair:2          Orc (0/2) D:10         Bailey (visited)
  Swamp: Lair:2-4    Shoals: Lair:2-4

Altars:
Ashenzari
Cheibriados
Dithmenos
Elyvilon
Fedhas
Gozag
Hepliaklqana
Kikubaaqudgha
Makhleb
Nemelex Xobeh
Okawaru
Qazlal
Ru
Sif Muna
Trog
Uskayaw
Vehumet
Wu Jian
Xom
Yredelemnul
Zin
The Shining One

Shops:
D:3 !   D:4 [=!(:   D:7 *   D:10 *

Annotations:
D:3 3 runed translucent doors, Gelos's ghost, amateur GnAM; siradein's ghost, amateur MiBe; xian's ghost, amateur TrFi

## ##.# ############.#
##.P#.##......#
##.........♣♣..♣♣♣♣♣♣♣
..........♣♣.†.≈≈≈≈≈≈♣
...........♣♣≈≈≈@≈≈≈≈♣
............♣♣≈≈D≈≈≈≈♣
.......[...♣♣...≈≈≈≈♣♣
#...........♣♣...♣♣♣♣
#.........♣♣♣♣♣.§§§§♣
..........♣ ♣♣♣♣§.♣
.P##......♣ ..♣
..##.#....♣ ..♣
#.#.###...# §.♣


You could see a six-headed hydra.


Message History

The four-headed hydra bites you!
* * * LOW HITPOINT WARNING * * *
HP[+14]
You regained 14 hp, and now have 23/127 hp.
You hit the four-headed hydra.
The four-headed hydra barely misses you. x2
The four-headed hydra closely misses you. x2
HP[+1]
You barely miss the four-headed hydra.
The four-headed hydra bites you but does no damage.
The four-headed hydra bites you!
* * * LOW HITPOINT WARNING * * *
The four-headed hydra bites you.
* * * LOW HITPOINT WARNING * * *
The four-headed hydra bites you.
* * * LOW HITPOINT WARNING * * *
HP[-19]
You take 19 damage, and now have 5/127 hp.
You feel much better.
The spectator roars with approval.
HP[+22]
You regained 22 hp, and now have 27/127 hp.
The four-headed hydra bites you.
* * * LOW HITPOINT WARNING * * *
The four-headed hydra closely misses you.
The four-headed hydra barely misses you.
The four-headed hydra bites you but does no damage.
HP[-4] MP[+1]
You take 4 damage, and now have 23/127 hp.
You bludgeon the four-headed hydra!!
You kill the four-headed hydra!
Okawaru accepts your kill. Okawaru crowns you victorious!
An exit appears.
Your Unarmed Combat skill increases to level 15!
HP[+1]
You start resting.
The spectator waves a pennant with your name on it.
Okawaru bids you farewell from the Arena.
HP[+10] MP[+1]
You regained 10 hp, and now have 34/127 hp.
You start resting.
You are returned from the Arena.
Welcome back to the Lair of Beasts!
HP[+7] MP[+1]
You regained 7 hp, and now have 41/127 hp.
You bludgeon the six-headed hydra!!
The six-headed hydra completely misses you.
The six-headed hydra bites you but does no damage.
The six-headed hydra bites you.
* * * LOW HITPOINT WARNING * * *
The six-headed hydra closely misses you.
The six-headed hydra bites you but does no damage.
The six-headed hydra bites you!
* * * LOW HITPOINT WARNING * * *
HP[-11]
You take 11 damage, and now have 30/127 hp.
You sock the six-headed hydra!
The six-headed hydra bites you but does no damage.
The six-headed hydra bites you.
* * * LOW HITPOINT WARNING * * *
The six-headed hydra closely misses you.
The six-headed hydra bites you.
* * * LOW HITPOINT WARNING * * *
The six-headed hydra bites you but does no damage.
The six-headed hydra bites you.
* * * LOW HITPOINT WARNING * * *
HP[-13] MP[+1]
You take 13 damage, and now have 17/127 hp.
You feel much better. The six-headed hydra bites you.
* * * LOW HITPOINT WARNING * * *
The six-headed hydra bites you!
* * * LOW HITPOINT WARNING * * *
The six-headed hydra closely misses you.
The six-headed hydra barely misses you. The six-headed hydra bites you.
* * * LOW HITPOINT WARNING * * *
The six-headed hydra bites you.
* * * LOW HITPOINT WARNING * * *
HP[+9]
You regained 9 hp, and now have 26/127 hp.
You feel as though your hastened speed will last longer.
The six-headed hydra bites you.
* * * LOW HITPOINT WARNING * * *
The six-headed hydra barely misses you. The six-headed hydra bites you.
* * * LOW HITPOINT WARNING * * *
The six-headed hydra bites you.
* * * LOW HITPOINT WARNING * * *
The six-headed hydra bites you.
* * * LOW HITPOINT WARNING * * *
The six-headed hydra bites you.
* * * LOW HITPOINT WARNING * * *
HP[-19]
You take 19 damage, and now have 7/127 hp.
You enter the shallow water.
Moving in this stuff is going to be slow.
HP[+1] HP[+1]
The six-headed hydra misses you. The six-headed hydra bites you!
* * * LOW HITPOINT WARNING * * *
The six-headed hydra bites you but does no damage.
The six-headed hydra bites you.
You die...

Skill      XL: |  1  2  3  4  5  6  7  8  9 10 11 12 13 |
---------------+----------------------------------------+-----
Unarmed Combat | 3 4 5 6 7 9 11 14 15 | 15.0
Fighting       | 4 8 |  8.0
Shields        | 4 9 10 | 10.0
Invocations    | 8 10 | 10.0
Dodging        | |  2.4

Action                   |  1- 3 |  4- 6 |  7- 9 | 10-12 | 13-15 || total
-------------------------+-------+-------+-------+-------+-------++-------
Melee: Unarmed           |   131 |   165 |   230 |   874 |    91 ||  1491
       Giant club        |       |       |       |       |     9 ||     9
Invok: Heroism           |       |       |       |     4 |     1 ||     5
       Finesse           |       |       |       |     3 |     1 ||     4
       Duel              |       |       |       |       |     1 ||     1
  Use: Potion            |       |       |       |     6 |     6 ||    12
       Scroll            |       |       |       |    14 |       ||    14
 Stab: Sleeping          |       |     2 |       |       |     1 ||     3
Armor: Robe              |    36 |    40 |    67 |   229 |    34 ||   406
Dodge: Dodged            |    47 |    47 |    80 |   247 |    68 ||   489
Block: Kite shield       |    48 |    95 |   109 |   440 |    58 ||   750

Levels and vault maps discovered:
D:1:      dpeg_arrival_stonehenge_8_columns, layout_basic,
          hellmonk_ecumenical_altar_arch_garden, columned_hall_lemuel,
          minmay_box_of_dots
D:2:      layout_basic, basic_altar, uniq_natasha
D:3:      layout_rooms, serial_shops, shop, gammafunk_ghost_cemetery,
          minmay_fractal_squares_gapless_5
D:4:      layout_cave_pools, serial_shops, nicolae_diamond_shop, shop,
          nicolae_shop_window_shopping, shop_statue, nicolae_shop_stone
D:5:      layout_loops_corners, chequers_serial_rivers_small_3,
          minmay_misc_feat_plants, hangedman_decor_points
D:6:      layout_layer_cave, marbit_many_paths, kennysheep_generic_room_2,
          uniq_grinder, uniq_eustachio
D:7:      layout_gridville, zin_purify,
          chequers_temple_overflow_statue_of_worship, minmay_temple_entry_mist,
          minmay_nine_imps, uniq_joseph, uniq_pikel, uniq_maggie
D:8:      minmay_chambers_of_sixes, layout_loops_cross,
          nicolae_ashenzari_skybound, grunt_lair_entry_orc_guard_hut,
          nrook_mini_backslash
D:9:      layout_grid_maze, mainiacjoe_overflow_brackets,
          minmay_fractal_squares_5
D:10:     layout_roguey, erik_orc_4, enter_bailey_3, minivault_5,
          minmay_shop_mayhem, uniq_urug
D:11:     layout_layer_cave
Temple:   regret_index_temple_generic_petals
Lair:1:   layout_loops_ring, beast_lair_carwin_10
Lair:2:   wad_woods_structure_01, layout_misc_corridors, dummy_snake_entry,
          grunt_forest_small_clearings, uniq_erica
Lair:3:   layout_layer_cave
Lair:4:   layout_cave_pods, palyth_hydra_swamp_entry, basic_altar, special_room
          [special_room_bee], uniq_nergalle

Notes
Turn   | Place    | Note
-------+----------+-------------------------------------------
     0 | D:1      | zeratav the Troll Fighter began the quest for the Orb.
     0 | D:1      | Reached XP level 1. HP: 22/22 MP: 0/0
     0 | D:1      | magus.rc [v1.9.6]
    80 | D:1      | Reached XP level 2. HP: 25/29 MP: 1/1
    86 | D:1      | You add the spells Ignite Poison, Mephitic Cloud and
                  | Freezing Cloud to your library.
   123 | D:1      | You pick up a book of Maledictions and begin reading...
   123 | D:1      | You add the spells Anguish and Enfeeble to your library.
   164 | D:1      | Reached skill level 3 in Unarmed Combat
   481 | D:1      | Found a faded altar of an unknown god.
   543 | D:1      | You pick up a book of Dreams and begin reading...
   543 | D:1      | You add the spells Ensorcelled Hibernation and Spider Form
                  | to your library.
   787 | D:1      | Reached XP level 3. HP: 36/36 MP: 2/2
  1085 | D:2      | Reached skill level 4 in Unarmed Combat
  1217 | D:2      | Reached XP level 4. HP: 43/44 MP: 3/3
  1275 | D:2      | Found a glowing silver altar of Zin.
  1531 | D:2      | Noticed Natasha
  1540 | D:2      | Killed Natasha
  1541 | D:2      | Reached skill level 5 in Unarmed Combat
  1632 | D:2      | Noticed Natasha
  1640 | D:2      | Killed Natasha
  1641 | D:2      | Reached XP level 5. HP: 44/50 MP: 4/4
  1770 | D:2      | Noticed Natasha
  1775 | D:2      | Killed Natasha
  1867 | D:3      | You pick up a book of Geomancy and begin reading...
  1867 | D:3      | You add the spells Sandblast, Passwall and Stone Arrow to
                  | your library.
  1925 | D:3      | Found Yfous's Distillery.
  1949 | D:3      | Bought a potion of curing for 36 gold pieces
  1949 | D:3      | Bought a potion of heal wounds for 60 gold pieces
  2323 | D:3      | Found a runed translucent gate.
  2323 | D:3      | Found a runed translucent gate.
  2323 | D:3      | Found a runed translucent gate.
  2324 | D:3      | Noticed siradein's ghost (amateur MiBe)
  2325 | D:3      | Noticed Gelos's ghost (amateur GnAM)
  2325 | D:3      | Noticed xian's ghost (amateur TrFi)
  2392 | D:4      | Found Atiat's Antique Armour Boutique.
  2397 | D:4      | Reached skill level 6 in Unarmed Combat
  2478 | D:4      | Reached XP level 6. HP: 45/59 MP: 5/5
  2544 | D:4      | Found Ugrigh's Distillery.
  2661 | D:4      | Found Itrom's Jewellery Shop.
  2749 | D:4      | Found Lietih's Antique Weapon Emporium.
  2787 | D:4      | Found Cugoahow's Book Shop.
  2817 | D:5      | Entered Level 5 of the Dungeon
  2920 | D:5      | Reached skill level 7 in Unarmed Combat
  3291 | D:5      | Reached XP level 7. HP: 45/66 MP: 6/6
  3335 | D:5      | You pick up a book of Iron and begin reading...
  3335 | D:5      | You add the spells Animate Armour, Blade Hands and Iron
                  | Shot to your library.
  3382 | D:5      | Reached skill level 8 in Unarmed Combat
  3452 | D:5      | You pick up a book of the Hunter and begin reading...
  3452 | D:5      | You add the spells Call Canine Familiar, Portal Projectile
                  | and Leda's Liquefaction to your library.
  3553 | D:5      | Noticed a yak
  3553 | D:5      | Noticed a yak
  3565 | D:5      | Noticed a yak
  3567 | D:5      | Killed a yak
  3568 | D:5      | Reached skill level 9 in Unarmed Combat
  3572 | D:5      | Killed a yak
  3573 | D:5      | Reached XP level 8. HP: 65/74 MP: 7/7
  3580 | D:5      | Reached skill level 10 in Unarmed Combat
  3741 | D:5      | You pick up a book of the Tundra and begin reading...
  3741 | D:5      | You add the spells Hailstorm, Ice Form and Simulacrum to
                  | your library.
  4044 | D:4      | Bought a faintly glowing robe for 125 gold pieces
  4044 | D:4      | Identified the +2 robe of Instinct {Will+ Str+2 Int+5} (You
                  | bought it in a shop on level 4 of the Dungeon)
  4132 | D:6      | Noticed Eustachio
  4136 | D:6      | Reached skill level 11 in Unarmed Combat
  4157 | D:6      | You pick up a book of Cantrips and begin reading...
  4157 | D:6      | You add the spells Necrotize, Summon Small Mammal and
                  | Apportation to your library.
  4169 | D:6      | Killed Eustachio
  4170 | D:6      | Reached skill level 3 in Fighting
  4309 | D:6      | You add the spells Ozocubu's Armour and Ozocubu's
                  | Refrigeration to your library.
  4334 | D:6      | You pick up a book of Changes and begin reading...
  4334 | D:6      | You add the spells Beastly Appendage and Wereblood to your
                  | library.
  4413 | D:6      | Reached skill level 4 in Fighting
  4508 | D:6      | Reached XP level 9. HP: 78/85 MP: 8/8
  4665 | D:6      | Reached skill level 5 in Fighting
  4893 | D:6      | Noticed Grinder
  4903 | D:6      | Killed Grinder
  4904 | D:6      | Reached skill level 6 in Fighting
  5046 | D:6      | Found a hide-covered altar of Uskayaw.
  5357 | D:7      | Noticed Maggie
  5357 | D:7      | Found a staircase to the Ecumenical Temple.
  5365 | Temple   | Entered the Ecumenical Temple
  5622 | Temple   | Became a worshipper of Warmaster Okawaru
  5670 | D:7      | Killed Maggie
  5671 | D:7      | Reached skill level 7 in Fighting
  5891 | D:7      | Noticed Joseph
  5903 | D:7      | Killed Joseph
  6018 | D:7      | Reached skill level 8 in Fighting
  6022 | D:7      | Reached skill level 3 in Shields
  6136 | D:7      | Found a snail-covered altar of Cheibriados.
  6137 | D:7      | Found a shadowy altar of Dithmenos.
  6138 | D:7      | Found an ancient bone altar of Kikubaaqudgha.
  6204 | D:7      | Found Zin's Purification Station.
  6207 | D:7      | Found a glowing silver altar of Zin.
  6264 | D:7      | Noticed Pikel
  6283 | D:7      | Killed Pikel
  6283 | D:7      | Reached * piety under Okawaru
  6284 | D:7      | Reached skill level 4 in Shields
  6284 | D:7      | Reached XP level 10. HP: 104/104 MP: 9/9
  6533 | D:4      | Bought a +4 ring of protection for 396 gold pieces
  6650 | D:8      | Reached skill level 5 in Shields
  6791 | D:8      | Reached skill level 6 in Shields
  6812 | D:8      | Reached ** piety under Okawaru
  6947 | D:8      | Reached skill level 7 in Shields
  7084 | D:8      | Noticed a cyclops
  7126 | D:8      | You pick up a book of Minor Magic and begin reading...
  7153 | D:8      | Killed a cyclops
  7153 | D:8      | Reached *** piety under Okawaru
  7154 | D:8      | Reached skill level 8 in Shields
  7346 | D:8      | Found a staircase to the Lair.
  7485 | D:8      | Found a broken altar of Ashenzari.
  7754 | D:9      | Reached skill level 9 in Shields
  8014 | D:9      | Reached XP level 11. HP: 102/111 MP: 10/10
  8046 | D:9      | Noticed a two-headed ogre
  8056 | D:9      | Killed a two-headed ogre
  8056 | D:9      | Reached **** piety under Okawaru
  8057 | D:9      | Reached skill level 10 in Shields
  8057 | D:9      | Reached skill level 1 in Invocations
  8089 | D:9      | You add the spells Blink, Manifold Assault and Storm Form
                  | to your library.
  8144 | D:9      | Found a shimmering altar of Xom.
  8660 | D:10     | Entered Level 10 of the Dungeon
  8698 | D:10     | Reached skill level 2 in Invocations
  8744 | D:10     | Reached skill level 3 in Invocations
  8844 | D:10     | Found a staircase to the Orcish Mines.
  9034 | D:10     | Found Booliefu's Mayhem Merchandise.
  9096 | D:10     | Noticed a two-headed ogre
  9106 | D:10     | Killed a two-headed ogre
  9107 | D:10     | Reached skill level 4 in Invocations
  9114 | D:10     | Noticed Urug
  9127 | D:10     | HP: 22/111 [Urug/+4 double sword (15)]
  9132 | D:10     | HP: 21/111 [Urug/+4 double sword (19)]
  9133 | D:10     | HP: 7/111 [Urug/+4 double sword (15)]
  9137 | D:10     | Killed Urug
  9137 | D:10     | Received a gift from Okawaru
  9138 | D:10     | Reached skill level 5 in Invocations
  9142 | D:10     | Z - a +4 double sword {longrare=g}
  9266 | D:10     | Found a flagged portal.
  9284 | Bailey   | Entered a bailey
  9351 | Bailey   | Reached skill level 6 in Invocations
  9352 | Bailey   | Reached ***** piety under Okawaru
  9381 | Bailey   | Noticed a vault guard
  9400 | Bailey   | Killed a vault guard
  9459 | Bailey   | Noticed Prince Ribbit
  9459 | Bailey   | Noticed a vault guard
  9468 | Bailey   | Killed a vault guard
  9468 | Bailey   | Received a gift from Okawaru
  9469 | Bailey   | Reached skill level 7 in Invocations
  9475 | Bailey   | Killed Prince Ribbit
  9645 | D:10     | Reached skill level 8 in Invocations
  9651 | D:10     | Identified the +8 longbow of Onurr {vorpal, rN+ SInv}
                  | (Okawaru gifted it to you on level 10 of the Dungeon)
  9651 | D:10     | Received a gift from Okawaru
  9856 | D:10     | Identified the +2 pair of gloves of Paranoia {+Inv Int+8
                  | Slay-5}
 10007 | D:11     | Reached XP level 12. HP: 86/119 MP: 17/17
 10309 | D:11     | Paralysed by a hornet for 2 turns
 10539 | D:11     | Reached skill level 9 in Invocations
 11110 | D:11     | You pick up a book of Air and begin reading...
 11110 | D:11     | You add the spells Shock, Swiftness and Airstrike to your
                  | library.
 11492 | Lair:1   | Entered Level 1 of the Lair of Beasts
 11939 | Lair:1   | Reached skill level 10 in Invocations
 11974 | Lair:1   | Received a gift from Okawaru
 12127 | Lair:1   | Identified the +8 war axe "Giant's Undoing" {vamp, Contam
                  | +Blink rN+} (Okawaru gifted it to you on level 1 of the
                  | Lair of Beasts)
 12127 | Lair:1   | Received a gift from Okawaru
 12128 | Lair:1   | Reached skill level 12 in Unarmed Combat
 12208 | Lair:1   | You pick up a book of Fire and begin reading...
 12208 | Lair:1   | You add the spells Fireball, Starburst and Ignition to your
                  | library.
 12697 | Lair:2   | Reached skill level 13 in Unarmed Combat
 12802 | Lair:2   | Noticed Erica
 12809 | Lair:2   | Killed Erica
 12835 | Lair:2   | Found a staircase to the Snake Pit.
 13787 | Lair:3   | Identified the +0 kite shield of the Lonely Friars {Str+4
                  | Dex+6 SInv} (Okawaru gifted it to you on level 3 of the
                  | Lair of Beasts)
 13787 | Lair:3   | Received a gift from Okawaru
 13810 | Lair:3   | HP: 27/119 [poisoned by a cane toad]
 13811 | Lair:3   | HP: 11/119 [blink frog (8)]
 13831 | Lair:3   | Reached skill level 14 in Unarmed Combat
 13847 | Lair:3   | Reached XP level 13. HP: 47/127 MP: 14/19
 14520 | Lair:3   | Identified the +1 plate armour of Dice, Bag, and Bottle
                  | {Drain Regen+ MP+9}
 15328 | Lair:4   | HP: 22/127 [four-headed hydra (10)]
 15331 | Arena    | Entered the Arena
 15333 | Arena    | HP: 19/127 [four-headed hydra (3)]
 15333 | Arena    | HP: 9/127 [four-headed hydra (1)]
 15338 | Arena    | HP: 23/127 [four-headed hydra (5)]
 15340 | Arena    | Reached skill level 15 in Unarmed Combat
 15363 | Lair:4   | HP: 30/127 [six-headed hydra (11)]
 15366 | Lair:4   | HP: 11/127 [six-headed hydra (6)]
 15369 | Lair:4   | HP: 2/127 [six-headed hydra (8)]
 15369 | Lair:4   | Slain by a six-headed hydra

Vanquished Creatures
  A hydra (Arena)
  2 vault guards (Bailey)
  Erica (Lair:2)
  2 two-headed ogres
  Urug (D:10)
  Pikel (D:7)
  An oklob plant (Lair:2)
  A cyclops (D:8)
  2 ugly things (D:11)
  Joseph (D:7)
  3 black mambas
  A torpor snail (Lair:2)
  7 cane toads
  Maggie (D:7)
  11 komodo dragons
  A troll (D:11)
  3 hornets
  A tyrant leech (Lair:4)
  A slime creature (D:8)
  Prince Ribbit (Bailey)
  Grinder (D:6)
  10 blink frogs
  A wyvern (Lair:2)
  32 yaks
  2 basilisks
  Eustachio (D:6)
  8 humans
  2 vampire mosquitoes (D:10)
  A warg (D:10)
  An acid dragon (D:8)
  9 water moccasins
  2 orc warriors
  A sky beast (D:6)
  4 black bears
  An ice beast (D:8)
  6 ogres
  14 wolves
  5 centaurs
  4 lemures (D:7)
  A kobold brigand (D:6)
  2 necrophages (D:5)
  3 scorpions
  25 bullfrogs
  5 wights (D:8)
  22 killer bees
  A howler monkey (D:6)
  7 crimson imps (D:7)
  10 orc priests
  4 hounds
  Natasha (thrice) (D:2)
  A gnoll shaman (D:5)
  12 orc wizards
  8 gnolls
  6 adders
  A shadow imp (D:7)
  2 white imps (D:7)
  5 worms
  7 dart slugs
  42 orcs
  9 ball pythons
  4 endoplasms
  6 giant cockroaches
  15 goblins
  12 hobgoblins
  8 jackals
  4 quokkas
  9 bats
  5 frilled lizards
  12 kobolds
  5 rats
404 creatures vanquished.

Vanquished Creatures (others)
  An orc (D:7)
  23 fungi
  55 plants
79 creatures vanquished.

Grand Total: 483 creatures vanquished

Table legend:
 A = Non-vault XP
 B = Vault XP
 C = Vault XP percentage of total XP
 D = Non-vault monster count
 E = Vault monster count
 F = Vault count percentage of total count
                 A         B        C        D         E       F
            +---------+---------+-------+---------+---------+-------
      Total |   27559 |   17077 |  38.3 |     301 |     100 |  24.9
            +---------+---------+-------+---------+---------+-------
        D:1 |      40 |       3 |   7.0 |      21 |       2 |   8.7
        D:2 |     166 |      37 |  18.2 |      30 |       1 |   3.2
        D:3 |      53 |       5 |   8.6 |      20 |       4 |  16.7
        D:4 |     163 |       0 |   0.0 |      27 |       0 |   0.0
        D:5 |    1454 |       0 |   0.0 |      26 |       0 |   0.0
        D:6 |    1146 |     798 |  41.0 |      31 |       5 |  13.9
        D:7 |     308 |    1961 |  86.4 |      14 |      12 |  46.2
        D:8 |    1584 |    1816 |  53.4 |      21 |      11 |  34.4
        D:9 |    2226 |    1029 |  31.6 |      21 |       6 |  22.2
       D:10 |    2653 |    1519 |  36.4 |      10 |      21 |  67.7
       D:11 |    3704 |       0 |   0.0 |      18 |       0 |   0.0
     Lair:1 |    1640 |    2694 |  62.2 |       9 |       9 |  50.0
     Lair:2 |    5199 |    1460 |  21.9 |      19 |       5 |  20.8
     Lair:3 |    6248 |       0 |   0.0 |      31 |       0 |   0.0
     Lair:4 |     975 |     698 |  41.7 |       3 |       2 |  40.0
     Bailey |       0 |    4185 | 100.0 |       0 |      21 | 100.0
      Arena |       0 |     872 | 100.0 |       0 |       1 | 100.0
            +---------+---------+-------+---------+---------+-------

Illustrated notes

Table legend:
 A = Kills in this place as a percentage of kills in entire the game.
 B = Kills by you in this place as a percentage of kills by you in the entire game.
 C = Kills by friends in this place as a percentage of kills by friends in the entire game.
 D = Other kills in this place as a percentage of other kills in the entire game.
 E = Experience gained in this place as a percentage of experience gained in the entire game.
 F = Experience gained in this place divided by the number of levels of this place that you have seen.
                   A       B       C       D       E      F
               +-------+-------+-------+-------+-------+----------------------
         Total | 100.0 | 100.0 |   N/A | 100.0 | 100.0 | 2479.8
       Dungeon |  75.1 |  75.0 |   N/A | 100.0 |  46.3 | 1878.6
          Lair |  19.5 |  19.5 |   N/A |   0.0 |  42.4 | 4728.5
        Bailey |   5.2 |   5.2 |   N/A |   0.0 |   9.4 | 4185.0
         Arena |   0.2 |   0.2 |   N/A |   0.0 |   2.0 | 872.0
               +-------+-------+-------+-------+-------+----------------------

Table legend: (Time is in decaauts)
 A = Elapsed time spent in this place.
 B = Non-inter-level travel time spent in this place.
 C = Inter-level travel time spent in this place.
 D = Time resting spent in this place.
 E = Time spent auto-exploring this place.
 F = Levels seen in this place.
 G = Mean time per level.
                   A        B        C        D        E       F      G
               +--------+--------+--------+--------+--------+-----+--------+
         Total |  15229 |  14207 |   1022 |    272 |  11065 |  18 |  846.1 |
       Dungeon |  10878 |  10139 |    739 |    257 |   7892 |  11 |  988.9 |
        Temple |    280 |    227 |     53 |      0 |    221 |   1 |  280.0 |
          Lair |   3759 |   3530 |    229 |      0 |   2790 |   4 |  939.8 |
        Bailey |    287 |    287 |      0 |      0 |    161 |   1 |  287.0 |
         Arena |     22 |     22 |      0 |     14 |      0 |   1 |   22.0 |
               +--------+--------+--------+--------+--------+-----+--------+

Top non-repeatable levels by time:
    D:11: 1428 daAuts
  Lair:3: 1361 daAuts
     D:6: 1281 daAuts
  Lair:2: 1186 daAuts
     D:5: 1174 daAuts
     D:8: 1047 daAuts
    D:10: 1041 daAuts
     D:9: 1012 daAuts
  Lair:1: 1000 daAuts
     D:2: 962 daAuts
     D:1: 874 daAuts
     D:7: 862 daAuts
     D:4: 663 daAuts
     D:3: 529 daAuts
  Bailey: 287 daAuts
